 Dungeon Crawl Stone Soup version 0.29.1-4-g47bece8355 (webtiles) character file.

Game seed: 17068787177198377829

263 p00ps00p the Trooper (level 6, -3/56 HPs)
             Began as a Hill Orc Fighter on Dec 2, 2022.
             Slain by an orc priest
             ... wielding a +0 falchion
              (6 damage)
             ... on level 3 of the Dungeon.
             The game lasted 00:05:34 (3220 turns).

p00ps00p the Trooper (Hill Orc Fighter)             Turns: 3220, Time: 00:05:35

Health: -3/56      AC: 13    Str: 21    XL:     6   Next: 19%
Magic:  6/6        EV:  6    Int:  8    God:
Gold:   250        SH:  4    Dex: 10    Spells: 5/5 levels left

rFire   . . .      SeeInvis .   a - +0 war axe
rCold   . . .      Faith    .   c - +0 buckler
rNeg    . . .      Spirit   .   n - +0 plate armour
rPois   +          Reflect  .   (no helmet)
rElec   .          Harm     .   u - +0 cloak
rCorr   .          Rampage  .   (no gloves)
Will    .....                   (no boots)
Stlth   ..........              (no amulet)
HPRegen 0.18/turn               r - ring of poison resistance
MPRegen 0.10/turn               (no ring)

@: no status effects
A: no striking features
a: Convert to Beogh


You were on level 3 of the Dungeon.
You visited 1 branch of the dungeon, and saw 4 of its levels.

You collected 250 gold pieces.

Inventory:

Hand Weapons
 a - a +0 war axe (weapon)
Missiles
 g - a curare-tipped dart (quivered)
 m - 2 poisoned darts
 o - 12 boomerangs
Armour
 b - a +0 scale mail
 c - a +0 buckler (worn)
 e - a scarf of shadows
 n - a +0 plate armour (worn)
 u - a +0 cloak (worn)
Jewellery
 r - a ring of poison resistance (left hand)
Scrolls
 f - 2 scrolls of teleportation {unknown}
 h - a scroll of fog {unknown}
 k - 7 scrolls of identify {unknown}
 s - a scroll of enchant armour {unknown}
Potions
 d - a potion of might
 i - a potion of flight {unknown}
 j - a potion of invisibility {unknown}
 l - a potion of degeneration {unknown}
 p - a potion of haste {unknown}
 q - a potion of brilliance {unknown}
 t - a potion of cancellation {unknown}


   Skills:
 + Level 5.0 Fighting
 + Level 4.7 Axes
 + Level 4.6 Armour
 + Level 4.7 Shields


You had 5 spell levels left.
You didn't know any spells.
Your spell library contained the following spells:

 Spells                   Type           Power      Damage    Failure   Level
 Apportation              Tloc           0%         N/A       100%        1
 Necrotise                Necr           0%         1d4       100%        1
 Summon Small Mammal      Summ           0%         N/A       100%        1


Dungeon Overview and Level Annotations

Branches:
Dungeon (4/15)
 Temple: D:4-7

Altars:
Cheibriados
Fedhas
Kikubaaqudgha
Nemelex Xobeh
Okawaru
Qazlal
Ru
Uskayaw


Message History

You closely miss the orc priest.
The orc priest calls down the wrath of Beogh upon you.
You barely resist. You closely miss the orc priest.
The orc priest hits you but does no damage.
You barely miss the orc priest.
The orc priest shouts, "Surrender to Beogh and we'll let you live!"
The orc priest hits you but does no damage. x2
You hit the orc priest.
The orc priest is lightly wounded.
The orc priest invokes the aid of Beogh against you.
Beogh smites you!
You barely miss the orc priest. The orc priest barely misses you.
You barely miss the orc priest.
The orc priest threatens, "By the altar or by the axe, you will meet Beogh!"
The orc priest mumbles some strange prayers to Beogh against you.
Beogh smites you!
* * * LOW HITPOINT WARNING * * *
You hit the orc priest.
The orc priest is moderately wounded.
The orc priest hits you but does no damage.
The orc priest barely misses you.
You hit the orc priest.
The orc priest is severely wounded.
The orc priest hits you but does no damage.
You closely miss the orc priest.
The orc priest is severely wounded.
The orc priest threatens, "By the altar or by the axe, you will meet Beogh!"
The orc priest completely misses you.
You completely miss the orc priest.
The orc priest shouts, "Join the one true god or die!"
The orc priest is severely wounded.
The orc priest hits you but does no damage.
The orc priest invokes the aid of Beogh against you.
Beogh smites you!
* * * LOW HITPOINT WARNING * * *
You closely miss the orc priest.
The orc priest is severely wounded.
The orc priest hits you with a +0 falchion.
You die...

############# ##.....#.....##
##.............##
#...............#
#...............#
#....o..........######
###########...>@..........##....
##........##...............##....
........<.##...............##....
##........###.......).....###....
#........# ##...........####....
#####.#### ######.###### #.....
#..# #.# #..... ##.# #.#
######.....
#######.###########.###.##.......


You could see an orc priest.

Vanquished Creatures
  A black bear (D:3)
  An orc wizard (D:3)
  5 gnolls
  4 adders
  A worm (D:3)
  8 bats
  5 endoplasms
  2 giant cockroaches
  3 goblins (D:1)
  6 hobgoblins
  2 jackals (D:2)
  5 quokkas
  2 ball pythons
  2 frilled lizards
  11 kobolds
  7 rats
65 creatures vanquished.

Notes
Turn   | Place    | Note
-------+----------+-------------------------------------------
     0 | D:1      | p00ps00p the Hill Orc Fighter began the quest for the Orb.
     0 | D:1      | Reached XP level 1. HP: 19/19 MP: 1/1
   218 | D:1      | Reached XP level 2. HP: 27/27 MP: 2/2
   551 | D:1      | Reached skill level 4 in Fighting
   551 | D:1      | Reached XP level 3. HP: 33/33 MP: 3/3
  1033 | D:2      | Found a faded altar of an unknown god.
  1740 | D:2      | Reached XP level 4. HP: 40/40 MP: 4/4
  1809 | D:2      | Found an ancient bone altar of Kikubaaqudgha.
  2470 | D:3      | Found a sacrificial altar of Ru.
  2498 | D:3      | Reached XP level 5. HP: 47/47 MP: 5/5
  2541 | D:3      | Found an iron altar of Okawaru.
  2551 | D:3      | Found a snail-covered altar of Cheibriados.
  2551 | D:3      | Found a stormy altar of Qazlal.
  2551 | D:3      | Found a blossoming altar of Fedhas.
  2552 | D:3      | Found a hide-covered altar of Uskayaw.
  2553 | D:3      | Found an ancient bone altar of Kikubaaqudgha.
  2554 | D:3      | Found a sparkling altar of Nemelex Xobeh.
  2644 | D:3      | Noticed a black bear
  2654 | D:3      | Killed a black bear
  2655 | D:3      | Reached skill level 5 in Fighting
  2655 | D:3      | Reached XP level 6. HP: 4/56 MP: 6/6
  3220 | D:3      | Slain by an orc priest

Illustrated notes

Levels and vault maps discovered:
D:1:      evilmike_arrival_rings, layout_basic, minmay_fountain_box,
          chequers_serial_rivers_small_a
D:2:      layout_basic, basic_altar, ebering_ecumenical_altar_abandoned,
          minivault_23
D:3:      layout_rooms, minitemple, nicolae_ru_great_annihilating_truth
D:4:      layout_cave_pools, elyvilon_altar_1, minmay_fractal_squares_diagonal_5

Skill      XL: |  1  2  3  4  5 |
---------------+----------------+-----
Axes           | 3 4 |  4.7
Fighting       | 4 5 |  5.0
Armour         | 4 |  4.6
Shields        | 4 |  4.7

Action                   |  1- 3 |  4- 6 || total
-------------------------+-------+-------++-------
Melee: War axe           |    84 |   102 ||   186
Throw: Dart              |     3 |     2 ||     5
  Use: Potion            |       |     1 ||     1
Armor: Scale mail        |    38 |     8 ||    46
       Plate armour      |       |   102 ||   102
Dodge: Dodged            |    48 |    36 ||    84
Block: Buckler           |    19 |    30 ||    49
